Map: Dusk Towers

Players

Darktek - Winner!

  • Race: Terran Terran
  • League: Diamond

LilDicky

  • Race: Terran Terran
  • League: Diamond

VOD

http://www.twitch.tv/tumescentpie

Description

Time

  • Played on: Nov. 26, 2015, 4:19 p.m.
  • Length: 15:51
Show
View Real Time Build Order
Export as new Build Order

Darktek Terran - Winner!

Build Orders: Reaper Expand 

Get SALT Encoding   

  12  0:01  SCV  
  13  0:15  SCV  
  14  0:22  Supply Depot  
  14  0:27  SCV  
  15  0:43  Refinery  
  15  0:44  SCV  
  15  0:45  Barracks  
  16  0:56  SCV  
  17  1:08  SCV  
  18  1:20  SCV  
  19  1:34  Reaper  
  19  1:37  Orbital Command  
  20  1:44  Command Center  
  20  1:54  Refinery  
  20  1:56  Supply Depot  
  20  2:03  SCV  
  21  2:15  SCV  
  21  2:17  Barracks Reactor  
  22  2:25  Factory  
  22  2:27  SCV  
  23  2:40  SCV  
  24  2:53  SCV  
  24  2:56  Marine x2  
  26  3:00  Orbital Command  
  27  3:05  SCV  
  27  3:10  Factory Tech Lab  
  27  3:11  Starport  
  27  3:17  SCV  
  27  3:18  Refinery  
  28  3:26  Marine x2  
  30  3:27  Supply Depot  
  30  3:29  SCV, Siege Tank  
  30  3:30  SCV  
  35  3:42  SCV x2  
  35  3:46  Supply Depot  
  37  3:52  Marine x2, Starport Reactor  
  37  3:54  SCV x2  
  41  4:01  Siege Tank  
  44  4:06  SCV, Refinery  
  44  4:07  SCV  
  46  4:16  Engineering Bay  
  46  4:18  SCV  
  46  4:19  SCV, Marine x2  
  50  4:30  SCV  
  50  4:31  SCV  
  52  4:34  Supply Depot  
  50  4:40  Viking  
  50  4:42  SCV  
  50  4:43  SCV  
  52  4:47  Missile Turret  
  52  4:49  Missile Turret  
  52  4:50  Marine  
  52  4:51  Marine  
  51  5:05  Siege Tank  
  52  5:08  Marine x2  
  54  5:15  SCV x2  
  55  5:25  Missile Turret  
  55  5:27  Missile Turret  
  55  5:28  SCV x2, Missile Turret  
  57  5:33  Marine x2  
  59  5:40  SCV x2  
  61  5:44  Medivac x2  
  65  5:50  Terran Infantry Weapons Level 1  
  65  5:55  Supply Depot  
  65  5:57  SCV  
  65  5:58  SCV  
  65  6:00  Marine  
  65  6:01  Marine  
  60  6:25  Marine x2  
  62  6:43  Marine x2  
  58  6:54  SCV x2  
  58  7:01  Marine x2  
  55  7:02  Viking x2  
  55  7:05  Command Center  
  55  7:06  SCV  
  57  7:19  Marine x2  
  56  7:35  Barracks x2  
  56  7:36  Marine  
  56  7:37  Marine  
  58  7:48  Supply Depot  
  58  7:50  Missile Turret  
  58  7:51  Missile Turret  
  58  7:54  Terran Infantry Armor Level 1  
  58  7:57  Command Center, SCV x2  
  60  8:02  Liberator x2  
  60  8:06  Marine x2  
  60  8:07  Siege Tank  
  60  8:09  SCV x2  
  73  8:21  SCV x2  
  73  8:24  Barracks Reactor, Barracks Tech Lab, Marine  
  73  8:25  Starport  
  76  8:33  SCV x2, Supply Depot  
  76  8:34  Supply Depot  
  78  8:39  Missile Turret  
  77  8:45  SCV  
  77  8:48  Missile Turret  
  78  8:55  SCV  
  79  8:56  Marine x3  
  79  8:57  Siege Tank  
  85  9:06  Marine x2  
  87  9:13  Marine  
  87  9:14  Marine x2  
  90  9:24  Marine x2  
  86  9:29  Siege Tank, Medivac x2  
  94  9:31  Marine x2  
  94  9:32  Marine  
  94  9:36  Missile Turret  
  96  9:41  Marine  
  96  9:45  Stimpack  
  90  9:55  SCV x2  
  92  10:01  Missile Turret, Marine x5  
  92  10:02  Siege Tank  
  92  10:04  Starport Reactor  
  92  10:07  SCV x2, Refinery, Engineering Bay  
  97  10:08  Armory  
  97  10:09  Orbital Command  
  97  10:13  Refinery  
  99  10:19  SCV x2  
  101  10:25  Supply Depot  
  101  10:29  Command Center  
  101  10:31  Command Center, SCV x2  
  101  10:43  SCV  
  101  10:44  SCV  
  99  10:50  SCV, Missile Turret  
  99  10:55  Marine x2  
  99  10:56  SCV x2, Marine x3  
  105  10:57  Siege Tank  
  105  11:01  Viking x2  
  105  11:03  SCV  
  110  11:05  Viking x2  
  110  11:08  SCV  
  115  11:13  Marine x2  
  116  11:26  Marine x3  
  116  11:29  Terran Infantry Weapons Level 2  
  116  11:31  Supply Depot, Marine x2, Terran Infantry Armor Level 2  
  112  11:33  SCV x3  
  112  11:35  Viking  
  117  11:40  Barracks  
  117  11:42  Barracks x2  
  117  11:44  Marine x3  
  117  11:45  SCV, Combat Shields  
  121  12:08  Supply Depot  
  121  12:09  Supply Depot, Factory  
  121  12:32  Refinery  
  121  12:33  Missile Turret  
  121  12:36  Refinery, Missile Turret  
  110  12:43  Marine  
  92  12:45  Barracks Tech Lab x2  
  92  12:46  Barracks Tech Lab  
  92  12:47  Marauder, Marine x3  
  92  12:50  Siege Tank  
  91  12:53  Factory Tech Lab  
  91  12:56  Planetary Fortress  
  91  13:01  Marine  
  91  13:04  SCV  
  91  13:05  SCV x2, Marine x3  
  98  13:08  Marauder  
  98  13:09  Marauder x3  
  108  13:14  Viking  
  108  13:15  Viking, Medivac x2  
  108  13:17  SCV x3  
  108  13:19  Marine  
  112  13:22  Marine x2  
  112  13:23  Marine  
  109  13:29  SCV  
  109  13:30  Marauder x3, Marine  
  115  13:37  Marine  
  115  13:39  SCV x3  
  115  13:41  SCV  
  116  13:44  Viking  
  116  13:45  Viking, Medivac  
  116  13:46  Medivac  
  116  13:47  Marine x3  
  116  13:48  Marauder  
  129  13:51  SCV x3, Marauder x2, Marine  
  129  13:53  SCV  
  129  13:55  Marine  
  137  14:03  SCV  
  137  14:06  Missile Turret  
  136  14:14  Viking  
  136  14:15  Medivac  
  136  14:16  Supply Depot, Medivac  
  142  14:23  Supply Depot  
  139  14:25  SCV x4  
  139  14:29  Siege Tank  
  139  14:30  Siege Tank  
  149  14:37  SCV x2  
  151  14:42  Marauder x2  
  151  14:43  Marauder x2  
  159  14:50  Missile Turret x2  
  159  15:01  Siege Tank  
  159  15:02  Siege Tank  
  159  15:04  Command Center  
  134  15:30  Marine x4, Marauder x3  
Show
View Real Time Build Order
Export as new Build Order

LilDicky Terran 

Build Orders: Banshee Rush 

Get SALT Encoding   

  12  0:01  SCV  
  13  0:13  SCV  
  14  0:18  Supply Depot  
  14  0:25  SCV  
  15  0:35  Refinery  
  15  0:39  SCV  
  16  0:45  Barracks  
  16  0:51  SCV  
  17  1:03  SCV  
  18  1:15  SCV  
  19  1:28  SCV  
  19  1:32  Marine  
  21  1:37  Supply Depot  
  21  1:41  Refinery, Orbital Command  
  21  1:45  Factory  
  21  1:50  Marine  
  22  2:09  SCV  
  22  2:10  Marine  
  24  2:20  Supply Depot  
  24  2:21  SCV  
  25  2:28  Marine  
  26  2:33  Factory Tech Lab, Starport, SCV  
  27  2:45  Marine  
  28  3:07  Widow Mine, Marine  
  31  3:13  SCV  
  31  3:15  Cloaking Field  
  31  3:16  Banshee  
  35  3:22  Supply Depot  
  35  3:25  Marine  
  36  3:37  Factory Tech Lab  
  36  3:40  SCV  
  37  3:48  Command Center  
  37  3:52  SCV, Marine  
  37  3:55  Siege Tank  
  42  3:58  Medivac  
  44  4:04  SCV  
  44  4:09  Marine  
  45  4:16  SCV  
  47  4:34  Engineering Bay  
  47  5:00  SCV, Medivac, Siege Tank, Marine  
  54  5:09  Orbital Command  
  54  5:12  SCV  
  52  5:24  Marine  
  53  5:30  Banshee, SCV  
  53  5:32  Siege Tank  
  60  5:42  Marine  
  61  5:43  SCV  
  62  5:54  Supply Depot  
  62  5:55  SCV, Missile Turret, Supply Depot  
  62  5:56  Command Center, SCV  
  64  6:02  Missile Turret  
  64  6:07  SCV  
  64  6:08  SCV  
  60  6:26  Siege Tank  
  60  6:27  Banshee  
  56  6:58  Siege Tank  
  56  6:59  Marine  
  57  7:10  Banshee  
  57  7:11  SCV  
  61  7:16  SCV  
  61  7:17  Marine  
  59  7:23  SCV  
  59  7:29  SCV  
  59  7:36  SCV  
  60  7:41  SCV, Siege Tank  
  60  7:42  Barracks  
  60  7:43  Barracks x2  
  60  7:44  Barracks  
  61  7:48  Starport  
  61  7:49  Orbital Command  
  61  7:53  Banshee  
  61  7:55  SCV x2  
  66  8:00  Refinery  
  66  8:07  SCV x2  
  66  8:12  Refinery  
  68  8:13  Command Center  
  68  8:17  Cyclone  
  68  8:19  SCV  
  72  8:21  SCV x2  
  74  8:32  Marine  
  75  8:35  Barracks Tech Lab x2  
  75  8:36  Barracks Reactor, Banshee  
  78  8:42  SCV x2  
  77  8:48  Missile Turret  
  77  8:50  Marine  
  77  8:55  Marine x2  
  77  9:00  Missile Turret  
  78  9:03  SCV x2, Sensor Tower, Missile Turret  
  69  9:49  SCV  
  69  9:50  SCV x2, Missile Turret  
  69  9:51  Viking  
  73  9:53  Viking  
  73  9:55  Marine x3  
  73  9:56  Combat Shields, Stimpack  
  75  10:15  Orbital Command  
  75  10:17  Marine x5  
  75  10:18  Marine  
  75  10:21  Viking  
  83  10:23  Viking  
  83  10:24  Starport  
  83  10:25  Terran Infantry Armor Level 1  
  83  10:26  Starport, Missile Turret  
  85  10:33  Armory  
  85  10:39  Armory  
  79  10:59  Missile Turret  
  79  11:00  Siege Tank  
  79  11:01  Marine x2  
  79  11:02  Marine x4  
  88  11:08  Starport Reactor, Starport Tech Lab x2  
  88  11:10  SCV  
  89  11:13  Refinery  
  87  11:19  Marine x2  
  87  11:20  Marine x4  
  93  11:32  Widow Mine  
  93  11:33  SCV x2, Missile Turret  
  93  11:34  SCV x2  
  93  11:37  Marine x2  
  93  11:38  Marauder x2, Marine x2  
  107  11:40  Banshee x2, Medivac  
  107  11:45  SCV  
  116  12:09  Siege Tank, Marine x5  
  116  12:10  Factory x2, Medivac, Marine  
  116  12:11  Supply Depot  
  116  12:12  Barracks  
  116  12:14  Refinery x2  
  127  12:18  Supply Depot x2  
  127  12:19  Supply Depot, Missile Turret  
  127  12:21  Missile Turret  
  127  12:23  Missile Turret  
  127  12:26  Marine x3  
  127  12:27  Supply Depot  
  127  12:28  Missile Turret  
  96  12:58  Siege Tank  
  96  13:01  Factory Tech Lab x2  
  96  13:02  Banshee x3, Viking  
  96  13:03  Viking  
  109  13:08  SCV x3  
  109  13:09  Refinery  
  109  13:10  Missile Turret  
  95  13:30  Siege Tank, Marine x6  
  95  13:33  Thor  
  100  13:43  Viking x2  
  100  13:45  Viking x2  
  100  13:47  Marine  
  100  13:48  Marine x4  
  109  13:49  Marauder  
  109  14:06  Marauder  
  106  14:15  Hellion  
  106  14:24  Marine x2  
  106  14:25  Banshee x2, Marauder  
  106  14:26  Viking x3  
  106  14:28  Marine x2  
  106  14:29  Marine  
  122  14:36  Hellion  
  124  14:40  SCV x3  
  124  14:41  SCV  
  124  14:42  Marine x2  
  130  14:46  Marauder, Marine x2  
  130  14:47  Marauder  
  130  14:51  Refinery  
  130  14:52  Command Center, SCV  
  137  14:56  Viking x2, Refinery  
  137  14:57  Engineering Bay  
  141  15:00  Marine  
  61  15:30  Marine x6  
Tags
 
Add a new tag
Caveats
  • Supply blocks, unpowered buildings, or Contaminate may cause inaccurate times.
  • Supply counts are checked every 10 seconds.